 Dungeon Crawl Stone Soup version 0.31.0-11-ge490571c62 (webtiles) character file.

Game seed: 12410188890753405615

1451384 Drazool the Cloud Mage (level 27, 112/244 HPs)
             Began as a Naga Ice Elementalist on Feb 5, 2024.
             Was the Champion of Sif Muna.
             Escaped with the Orb
             ... and 3 runes on Feb 8, 2024!
             The game lasted 04:57:21 (94185 turns).

Drazool the Cloud Mage (Naga Ice Elementalist)     Turns: 94185, Time: 04:57:22

Health: 112/244    AC: 38    Str: 16    XL:     27
Magic:  30/50      EV: 11    Int: 44    God:    Sif Muna [******]
Gold:   6298       SH:  8    Dex: 22    Spells: 9/63 levels left

rFire   . . .        t - +11 whip of Generosity {flame, ^Drain Dex+4}
rCold   + + .        h - +2 buckler {rC+}
rNeg    . . .        s - +5 ring mail {rC+}
rPois   +            C - +2 helmet
rElec   .            Q - +4 dragonskin cloak
rCorr   .            V - +2 pair of gloves {Dex+3}
SInv    +            e - +2 barding "Kats" {Rampage Regen+ Str+2 Int+4}
Will    ++++.        B - amulet of Xom's Brutal Revenge {Faith Str+2 Slay+2}
Stlth   ++           I - +6 ring of intelligence
HPRegen 1.40/turn    Y - ring "Joczourch" {Will+ Int+6 Dex+3 Stlth+}
MPRegen 0.32/turn

%: rampage, faith
@: studying Long Blades, very slow
A: AC +9, large, see invisible, deformed body, poison resistance, slowness 2,
spit poison 1, naga tail 2, high MP 1, shaggy fur 1
0: Orb of Zot
}: 3/15 runes: decaying, serpentine, silver
a: Spit Poison, Renounce Religion, Channel Magic, Forget Spell, Divine Exegesis


You escaped.
You worshipped Sif Muna.
Sif Muna was exalted by your worship.
You visited 10 branches of the dungeon, and saw 48 of its levels.
You also visited: Ice Cave.

You collected 9015 gold pieces.
You spent 2717 gold pieces at shops.


Innate Abilities, Weirdness & Mutations

Your serpentine skin is tough. (AC +9)
You have supernaturally acute eyesight. (SInv)
Armour fits poorly on your strangely shaped body.
Your system is resistant to poisons. (rPois)
You cover ground very slowly.
You can spit poison.
You can use your snake-like lower body to constrict enemies.
You have an increased reservoir of magic. (+10% MP)
You are covered in fur. (AC +1)


   Skills:
 - Level 14.0 Fighting
 - Level 5.0 Maces & Flails
 - Level 8.0 Armour
 - Level 8.0 Dodging
 - Level 8.0 Stealth
 - Level 5.0 Shields
 - Level 18.8 Spellcasting
 - Level 22.0 Conjurations
 - Level 6.0 Hexes
 - Level 4.0 Summonings
 - Level 5.0 Translocations
 - Level 12.0 Fire Magic
 - Level 11.0 Ice Magic
 + Level 25.7 Air Magic
 - Level 11.0 Alchemy
 - Level 10.0 Invocations
 - Level 6.0 Evocations


You had 9 spell levels left.
You knew the following spells:

 Your Spells              Type           Power      Damage    Failure   Level
a - Yara's Violent Unrav  Hex/Alch       43%        3d17      1%          5
b - Summon Ice Beast      Ice/Summ       82%        N/A       1%          3
c - Maxwell's Capacitive  Air            66%        ∞         1%          8
i - Olgreb's Toxic Radia  Alch           95%        N/A       1%          4
l - Lesser Beckoning      Tloc           100%       N/A       1%          2
n - Chain Lightning       Conj/Air       64%        3d86      7%          9
o - Ozocubu's Armour      Ice            95%        N/A       1%          3
r - Frozen Ramparts       Ice            100%       1d16      1%          3
B - Blink                 Tloc           100%       N/A       1%          2
X - Vhi's Electric Charg  Tloc/Air       100%       N/A       1%          4
Y - Arcjolt               Conj/Air       64%        1d74      0%          5
Z - Plasma Beam           Fire/Air       59%        2x1d74    1%          6

Your spell library contained the following spells:

 Spells                   Type           Power      Damage    Failure   Level
 Foxfire                  Conj/Fire      100%       2x1d9     0%          1
 Freeze                   Ice            100%       1d10      0%          1
 Kiss of Death            Conj/Necr      100%       2d13      0%          1
 Magic Dart               Conj           100%       1d8       0%          1
 Shock                    Conj/Air       100%       1d9       0%          1
 Sting                    Conj/Alch      100%       1d9       0%          1
 Cigotuvi's Dreadful Rot  Necr/Alch/Air  100%       N/A       0%          2
 Mercury Vapours          Alch/Air       100%       N/A       0%          2
 Momentum Strike          Conj/Tloc      100%       3d10      0%          2
 Scorch                   Fire           100%       2d9       0%          2
 Searing Ray              Conj           100%       2d8       0%          2
 Static Discharge         Conj/Air       100%       3-8/arc   0%          2
 Dazzling Flash           Conj/Hex       100%       N/A       0%          3
 Hailstorm                Conj/Ice       100%       3d16      0%          3
 Mephitic Cloud           Conj/Alch/Air  100%       N/A       0%          3
 Swiftness                Air            100%       N/A       0%          3
 Airstrike                Air            66%        2d(10-26) 0%          4
 Flame Wave               Conj/Fire      100%       2d21      0%          4
 Fulminant Prism          Conj/Alch      56%        3d24      0%          4
 Freezing Cloud           Conj/Ice/Air   59%        6-21      0%          5
 Iskenderun's Battlesphe  Conj           100%       2d15      0%          5
 Conjure Ball Lightning   Conj/Air       64%        3x3d23    0%          6
 Apportation              Tloc           100%       N/A       1%          1
 Necrotise                Necr           100%       1d9       1%          1
 Sandblast                Erth           82%        2d17      1%          1
 Slow                     Hex            100%       N/A       1%          1
 Summon Small Mammal      Summ           100%       N/A       1%          1
 Call Imp                 Summ           100%       N/A       1%          2
 Ensorcelled Hibernation  Hex/Ice        100%       N/A       1%          2
 Jinxbite                 Hex            100%       N/A       1%          2
 Sublimation of Blood     Necr           41%        N/A       1%          2
 Call Canine Familiar     Summ           67%        N/A       1%          3
 Confusing Touch          Hex            76%        N/A       1%          3
 Gell's Gravitas          Tloc           71%        N/A       1%          3
 Inner Flame              Hex/Fire       88%        N/A       1%          3
 Sigil of Binding         Hex            76%        N/A       1%          3
 Stone Arrow              Conj/Erth      100%       3d13      1%          3
 Teleport Other           Tloc           71%        N/A       1%          3
 Tukima's Dance           Hex            76%        N/A       1%          3
 Volatile Blastmotes      Fire/Tloc      100%       2d18      1%          3
 Brom's Barrelling Bould  Conj/Erth      95%        2d10      1%          4
 Cause Fear               Hex            38%        N/A       1%          4
 Dimensional Bullseye     Hex/Tloc       37%        N/A       1%          4
 Ignite Poison            Fire/Alch      97%        N/A       1%          4
 Iskenderun's Mystic Bla  Conj/Tloc      100%       2d19      1%          4
 Leda's Liquefaction      Alch/Erth      37%        N/A       1%          4
 Manifold Assault         Tloc           71%        N/A       1%          4
 Passage of Golubria      Tloc           71%        N/A       1%          4
 Petrify                  Alch/Erth      74%        N/A       1%          4
 Sticky Flame             Fire/Alch      97%        2d14      1%          4
 Summon Blazeheart Golem  Fire/Summ      84%        N/A       1%          4
 Summon Lightning Spire   Summ/Air       100%       N/A       1%          4
 Alistair's Intoxication  Alch           63%        N/A       1%          5
 Fireball                 Conj/Fire      56%        3d22      1%          5
 Irradiate                Conj/Alch      56%        3d30      1%          5
 Metabolic Englaciation   Hex/Ice        43%        N/A       1%          5
 Silence                  Hex/Air        55%        N/A       1%          5
 Bombard                  Conj/Erth      47%        9d8       1%          6
 Eringya's Noxious Bog    Alch           47%        4d6       1%          6
 Sculpt Simulacrum        Ice/Alch       47%        N/A       1%          6
 Starburst                Conj/Fire      56%        6d15      1%          6
 Orb of Destruction       Conj           62%        9d15      1%          7
 Fugue of the Fallen      Necr           41%        N/A       3%          3
 Passwall                 Erth           41%        N/A       3%          3
 Vampiric Draining        Necr           41%        2d8       3%          3
 Anguish                  Hex/Necr       30%        N/A       3%          4
 Summon Mana Viper        Hex/Summ       71%        N/A       4%          5
 Spellforged Servitor     Conj/Summ      51%        N/A       4%          7
 Animate Armour           Summ/Erth      100%       N/A       5%          4
 Martyr's Knell           Necr/Summ      56%        N/A       5%          4
 Summon Forest            Summ/Tloc      34%        N/A       5%          5
 Ozocubu's Refrigeration  Ice            47%        4d18      11%         7
 Animate Dead             Necr           41%        N/A       12%         4
 Dispel Undead            Necr           41%        3d16      12%         4
 Dispersal                Tloc           35%        N/A       24%         6
 Borgnjor's Vile Clutch   Necr/Erth      20%        N/A       32%         5
 Curse of Agony           Necr           41%        N/A       32%         5
 Lee's Rapid Deconstruct  Erth           20%        3d12*     32%         5
 Summon Cactus Giant      Summ           33%        N/A       34%         6
 Ignition                 Fire           49%        3d14      50%         8
 Enfeeble                 Hex            38%        N/A       65%         7
 Lehudib's Crystal Spear  Conj/Erth      47%        10d11     65%         8
 Fire Storm               Conj/Fire      56%        8d14      75%         9
 Malign Gateway           Summ/Tloc      34%        N/A       85%         7
 Death Channel            Necr           20%        N/A       88%         6
 Monstrous Menagerie      Summ           33%        N/A       89%         7
 Summon Hydra             Summ           33%        N/A       89%         7
 Haunt                    Necr/Summ      28%        N/A       99%         7
 Borgnjor's Revivificati  Necr           20%        N/A       100%        8
 Discord                  Hex            38%        N/A       100%        8
 Disjunction              Tloc           35%        N/A       100%        8
 Infestation              Necr           20%        N/A       100%        8
 Summon Horrible Things   Summ           33%        N/A       100%        8
 Death's Door             Necr           20%        N/A       100%        9
 Dragon's Call            Summ           33%        N/A       100%        9
 Polar Vortex             Ice            47%        12d6*     100%        9
 Shatter                  Erth           20%        3d18*     100%        9

Inventory:

Hand Weapons
 t - the +11 whip of Generosity (weapon) {flame, ^Drain Dex+4}
   (You found it on level 4 of the Dungeon)

   Dex+4:     It affects your dexterity (+4).
   ^Drain:    It drains your maximum health when unequipped.
Missiles
 A - a throwing net {=f}
 S - 32 poisoned darts
 X - 7 curare-tipped darts {=f}
Armour
 e - the +2 barding "Kats" (worn) {Rampage Regen+ Str+2 Int+4}
   (You acquired it on level 3 of the Dungeon)

   Str+2:     It affects your strength (+2).
   Int+4:     It affects your intelligence (+4).
   Regen+:    It increases your rate of health regeneration.
   Rampage:   It bestows one free step when moving towards enemies.
 h - a +2 buckler of cold resistance (worn)
 s - a +5 ring mail of cold resistance (worn)
 C - a +2 helmet (worn)
 Q - the +4 dragonskin cloak (worn)
   (You took it off Tiamat on level 1 of the Realm of Zot)

   Avatar's Aegis: It grants the wearer a chance to resist fire, cold, poison,
   electricity, acid, and negative energy.
 V - a +2 pair of gloves of dexterity (worn)
Jewellery
 w - the ring "Nudemp" {+Blink rCorr EV+5 Dex+3 Stlth+}
   (You took it off a hell knight on level 5 of the Vaults)

   [ring of evasion]

   EV+5:      It affects your evasion (+5).
   Dex+3:     It affects your dexterity (+3).
   +Blink:    It lets you blink.
   rCorr:     It protects you from acid and corrosion.
   Stlth+:    It makes you more stealthy.
 B - the amulet of Xom's Brutal Revenge (around neck) {Faith Str+2 Slay+2}
   (You found it on level 6 of the Dungeon)

   [amulet of faith]

   Faith:     It allows you to gain divine favour quickly.
   Str+2:     It affects your strength (+2).
   Slay+2:    It affects your accuracy & damage with ranged weapons and melee
   (+2).
 I - a +6 ring of intelligence (left hand)
 T - the ring of the Aged Ghosts {rPois rF+ rC+ Dex+2}
   (You bought it in a shop on level 2 of the Orcish Mines)

   [ring of protection from fire]

   Dex+2:     It affects your dexterity (+2).
   rF+:       It protects you from fire.
   rC+:       It protects you from cold.
   rPois:     It protects you from poison
 W - a ring of willpower
 Y - the ring "Joczourch" (right hand) {Will+ Int+6 Dex+3 Stlth+}
   (You bought it in a shop on level 2 of the Elven Halls)

   [ring of intelligence]

   Int+6:     It affects your intelligence (+6).
   Dex+3:     It affects your dexterity (+3).
   Will+:     It increases your willpower.
   Stlth+:    It makes you more stealthy.
Wands
 j - a wand of flame (50)
 r - a wand of roots (48)
 v - a wand of polymorph (23)
 y - a wand of digging (26)
 G - a wand of paralysis (44)
 H - a wand of mindburst (14)
 O - a wand of acid (22)
Scrolls
 f - 9 scrolls of poison
 g - 6 scrolls of silence {!r}
 q - 8 scrolls of teleportation {@r2}
 L - 7 scrolls of fog
 N - 4 scrolls of vulnerability
 P - 6 scrolls of immolation
 R - 3 scrolls of fear
Potions
 a - 7 potions of attraction
 b - 3 potions of magic
 c - 2 potions of haste {@q3}
 d - 6 potions of cancellation
 i - 18 potions of might
 k - 3 potions of brilliance
 l - 19 potions of curing {@q1}
 n - 5 potions of ambrosia
 u - 9 potions of enlightenment
 x - 4 potions of mutation
 D - 6 potions of resistance
 J - 3 potions of invisibility
 M - 12 potions of lignification
Miscellaneous
 m - a box of beasts (inert)
 o - a phial of floods
 p - a tin of tremorstones (2/2)
 z - a lightning rod (4/4)
 F - a phantom mirror

Dungeon Overview and Level Annotations

Branches:
Dungeon (15/15)            Temple (1/1) D:4            Lair (5/5) D:9
  Swamp (4/4) Lair:3        Snake (4/4) Lair:3        Slime (0/5) Lair:4
    Orc (2/2) D:11            Elf (3/3) Orc:2        Vaults (5/5) D:13
  Crypt (0/3) Vaults:2     Depths (4/4) D:15            Zot (5/5) Depths:4
  IceCv (visited)

Altars:
Ashenzari
Cheibriados
Dithmenos
Elyvilon
Fedhas
Gozag
Hepliaklqana
Kikubaaqudgha
Makhleb
Nemelex Xobeh
Okawaru
Qazlal
Ru
Sif Muna
Trog
Uskayaw
Vehumet
Wu Jian
Xom
Yredelemnul
Zin
The Shining One
Jiyva
Lugonu

Shops:
D:3 ?   D:5 [   D:11 :   D:12 [   Orc:2 =[*(   Elf:2 =:=   Depths:3 ?(:(

Portals:
Hell: Depths:1 Depths:2 Depths:3 Depths:4
Abyss: Depths:3 Depths:4
Pandemonium: Depths:2 Depths:4
Ziggurat: Depths:3
Trove: Depths:3 (give 4 scrolls of blinking)

Annotations:
D:13 2 transporters
Elf:2 3 runed translucent doors
Vaults:4 1 transporter
Depths:1 1 runed translucent door, Swimmer's ghost, journeyman MiFi
Depths:3 1 transporter
Zot:5 1 exclusion

......# #...##'####.##.# ### #
......# ##.......##.##.#####.# #
......# #.......'...........####
.###### #.......##.##.####......
.# #.......##.##.# #..#### .#
##########.##.# #..#### .#
#######.##.####....#. .#
##.......##.......#.#. .#
######....@....######....#. .#
##...................##.###. .#
#...⌠....##+##....⌠...#..... .###
#........#...#........#####.
...###........'8.8+........# #...
##..############'#############.##
###....................>.......#
...########.####################
##.# #.#


There were no monsters in sight!


Message History

Unknown command.
Use which ability? (? or * to list) Unknown command.
Casting: Maxwell's Capacitive Coupling (mildly dangerous; 1% risk of failure)
Confirm with . or Enter, or press ? or * to list all spells.
You begin accumulating electric charge. (Press . to continue charging.)
You feel charge building up...
Unknown command.
You feel charge building up... The hellion gestures at you.
The sphere of damnation explodes!
The damnation engulfs you!!
* * * LOW HITPOINT WARNING * * *
The damnation engulfs the hellion.
The hellion completely resists.
You feel charge building up... The hellion closely misses you.
You feel charge building up...
You feel less invigorated.
The hellion hits you but does no damage.
The electricity discharges through the hellion!!
The hellion vaporises in an electric haze!
You kill the hellion!
Sif Muna accepts your kill.
You hear a croak.
There is an open door here.
Aiming: Dig
Press: ? - help, Shift-Dir - straight line A rock wall.
This square is covered in magical glow.
The rock shatters into small pieces.
There is a staircase leading out of the dungeon here.
You have escaped!

Skill      XL: |  1  2  3  4  5  6  7  8  9 10 11 12 13 14 15 16 17 18 19 20 21 22 23 24 25 26 27 |
---------------+----------------------------------------------------------------------------------+-----
Ice Magic      | 5 6 9 10 11 | 11.0
Spellcasting   | 4 6 10 11 13 14 15 16 17 18 | 18.8
Stealth        | 4 5 7 8 |  8.0
Fighting       | 2 3 5 6 8 9 11 12 13 14 | 14.0
Summonings     | 2 3 4 |  4.0
Maces & Flails | 3 5 |  5.0
Invocations    | 1 3 7 8 10 | 10.0
Translocations | 4 5 |  5.0
Evocations     | 3 4 5 6 |  6.0
Dodging        | 2 3 4 6 8 |  8.0
Alchemy        | 4 10 11 | 11.0
Air Magic      | 6 9 12 13 14 16 18 19 20 21 23 25 | 25.7
Conjurations   | 6 7 12 17 20 22 | 22.0
Armour         | 3 5 6 8 |  8.0
Fire Magic     | 9 12 | 12.0
Hexes          | 6 |  6.0
Shields        | 5 |  5.0

Action                     |  1- 3 |  4- 6 |  7- 9 | 10-12 | 13-15 | 16-18 | 19-21 | 22-24 | 25-27 || total
---------------------------+-------+-------+-------+-------+-------+-------+-------+-------+-------++-------
  Melee: Rapier            |       |    21 |       |       |       |       |       |       |       ||    21
         Unarmed           |       |     6 |       |       |       |       |       |       |       ||     6
         Whip              |       |     8 |    54 |   228 |   432 |   294 |    66 |   229 |    51 ||  1362
         Punch             |       |       |       |     2 |     5 |     9 |     1 |     2 |       ||    19
         Constrict         |       |       |       |       |   138 |    89 |    15 |    35 |    12 ||   289
  Throw: Dart              |       |       |       |       |     6 |       |       |       |       ||     6
   Cast: Freeze            |    25 |       |       |       |       |       |       |       |       ||    25
         Frozen Ramparts   |     3 |    27 |    19 |    68 |   136 |   102 |     4 |     5 |     2 ||   366
         Ozocubu's Armour  |       |     3 |     7 |    33 |    29 |    25 |     2 |     3 |     2 ||   104
         Summon Ice Beast  |       |       |     7 |    15 |    11 |     4 |     3 |     1 |       ||    41
         Lesser Beckoning  |       |       |       |     7 |       |       |       |       |       ||     7
         Olgreb's Toxic Ra |       |       |       |    28 |   221 |    32 |       |     2 |       ||   283
         Mephitic Cloud    |       |       |       |     3 |     1 |       |       |       |       ||     4
         Arcjolt           |       |       |       |       |    25 |       |       |       |       ||    25
         Plasma Beam       |       |       |       |       |    30 |   350 |   447 |   412 |   129 ||  1368
         Vhi's Electric Ch |       |       |       |       |     4 |     1 |       |       |       ||     5
         Yara's Violent Un |       |       |       |       |       |    22 |    22 |    17 |    12 ||    73
         Blink             |       |       |       |       |       |     1 |     1 |       |       ||     2
         Maxwell's Capacit |       |       |       |       |       |       |    94 |   129 |   198 ||   421
         Chain Lightning   |       |       |       |       |       |       |       |       |    39 ||    39
 Invoke: Channel Magic     |       |       |       |     1 |     8 |    18 |    11 |    21 |    16 ||    75
Ability: Spit Poison       |    16 |    10 |     7 |    24 |    54 |    18 |       |     1 |     1 ||   131
  Evoke: Wand              |       |     2 |     3 |     8 |    34 |    12 |     1 |    17 |     4 ||    81
         Box of beasts     |       |       |       |       |       |       |       |       |     1 ||     1
    Use: Scroll            |       |     9 |     1 |     7 |    14 |    15 |     4 |    21 |    13 ||    84
         Potion            |       |       |       |       |       |     2 |       |    11 |    17 ||    30
   Stab: Sleeping          |       |     5 |       |       |       |       |       |     1 |     1 ||     7
         Distracted        |       |       |       |       |       |       |     1 |     1 |       ||     2
 Armour: Robe              |     9 |    21 |    52 |   222 |   421 |   575 |   351 |    42 |       ||  1693
         Ring mail         |       |       |       |       |       |       |       |   475 |   668 ||  1143
  Dodge: Dodged            |     7 |    21 |    29 |   107 |   168 |   226 |   125 |   162 |   210 ||  1055
         Repelled          |       |       |       |       |     9 |    30 |    10 |     5 |       ||    54
  Block: Other             |       |       |     1 |       |       |       |       |       |       ||     1
         Buckler           |       |       |       |       |       |       |       |   108 |   152 ||   260

Levels and vault maps discovered:
D:1:      giann_wishing_wells, layout_basic, chequers_ecumenical_altar_grove
D:2:      layout_basic, minmay_lizard_pond, uniq_terence
D:3:      layout_rooms, serial_shops, shop, serial_bayou, serial_bayou_pond_c,
          serial_bayou_lake_a, serial_bayou_pond_b, serial_bayou_pond_e,
          serial_bayou_ford_a, serial_bayou_pond_b
D:4:      layout_loops_ring, minmay_temple_entry_drinking_statues,
          nrook_campfire
D:5:      layout_cave_pools, mainiacjoe_overflow_brackets,
          nzn_hepliaklqana_mist_gate, serial_shops, nicolae_stop_n_shop_2
D:6:      layout_cave_pools, mainiacjoe_overflow_concentric_impassable,
          nicolae_ru_the_path_less_chosen, chequers_jeans, solitary_fountain
D:7:      layout_cave_pools, minitemple
D:8:      layout_rooms, nicolae_ashenzari_skybound,
          lemuel_zombie_altar_yredelemnul,
          nicolae_gozag_cash_rules_everything_around_me, uniq_amaemon,
          uniq_psyche, uniq_jeremiah
D:9:      minmay_the_grid_plus [minmay_the_grid_fan, minmay_the_grid_tree,
          minmay_the_grid_expand, minmay_the_grid_tiny_cups,
          minmay_the_grid_prize_shrinking_boxes], layout_loops_ring,
          david_lair_shrubbed, enter_bailey_8, uniq_joseph
D:10:     layout_small_grid, elyvilon_altar_1, due_unseen_surprise
D:11:     layout_big_octagon, orc_0_dummy, nicolae_shop_self_help, uniq_nergalle
D:12:     kennysheep_bubbly, layout_basic, portal_ice_cave_entry_pillars_1,
          serial_shops, nicolae_shop_window_shopping, small_statue_intersection
D:13:     gammafunk_corrupted_shrine, layout_basic, david_vaults_3,
          serial_corexii_hall, corexii_hall_statues_s, corexii_hall_statues_i
D:14:     layout_roguey, amethyst_killhole
D:15:     grunt_enter_depths_snipers, layout_basic,
          chequers_serial_rivers_marsh, drop_trap, uniq_rupert
Temple:   minmay_temple_curvy_loop
Lair:1:   layout_loops_ring, chequers_serial_rivers_marsh,
          nicolae_lair_run_with_the_wolves
Lair:2:   layout_chaotic_city, st_stairs_9, uniq_erica
Lair:3:   beast_lair_carwin_large_3, layout_cave_pods, palyth_hydra_swamp_entry,
          guppyfry_snake_entry_garden
Lair:4:   layout_cave_pods, slime_entry_1, nicolae_lair_grove_arrangements,
          grunt_megastairs_4, serial_bayou_shore_a, serial_bayou_shore_b,
          lemuel_fruit_tree, uniq_sonja
Lair:5:   minmay_lair_end_frog_pond, layout_misc_corridors
Swamp:1:  layout_basic_swamp, lemuel_altar_in_water
Swamp:2:  layout_basic_swamp, evilmike_swamp_ruin_rubble_1
Swamp:3:  layout_falls_marsh, hangedman_swamp_diagram, swamp_pool_5,
          nicolae_swamp_bloodsuckers_inc
Swamp:4:  swamp_alternative, layout_basic_swamp
Snake:1:  layout_chambers
Snake:2:  kennysheep_snake, layout_chambers, grunt_megastairs_5,
          serial_bayou_shore_b, uniq_aizul, uniq_vashnia, uniq_asterion
Snake:3:  layout_onion_interference, gammafunk_ghost_split,
          guppyfry_library_mini, serial_bayou_shore_b
Snake:4:  hellmonk_snake_rune_quicksilver_temple, layout_cave_town,
          grunt_ministairs_11, nicolae_fountain_basement
Orc:1:    layout_caves
Orc:2:    st_orc_pillars, layout_diamond_mine, nicolae_orc_lava_tube
Elf:1:    eino_elf_arrival_the_gate, layout_loops_corners, basic_altar,
          hangedman_elf_represent
Elf:2:    nicolae_elf_blades_splatter_lattice [grunt_blade_entry_basic],
          layout_geoelf_diagonals, minmay_shop_grove
Elf:3:    minmay_elf_hall, layout_geoelf_castle,
          nicolae_elf_vaults_five_recruitment_drive
Vaults:1: gammafunk_ghost_crypt, hangedman_vaults_hat, nicolae_vaults_two_Ls,
          vaults_standard_mumra_enter_the_diamond, nicolae_vaults_quadrants,
          nicolae_vaults_shrinking_rooms_1, vaults_mumra_hexcomb,
          nicolae_vaults_trapezoid_lopsided_3, grunt_vaults_swirl,
          ontoclasm_vaults_spin, grunt_vaults_hallway_short,
          layout_vaults_omnigrid
Vaults:2: nicolae_vaults_triangles, minmay_crypt_entry_necro_gods, v_rooms_5,
          vaults_mumra_minichess_inversion, grunt_vaults_bifocal,
          layout_vaults_big_room
Vaults:3: nicolae_vaults_sesquioval_fish, nicolae_vaults_little_guard_posts,
          vaults_room_hallway, hangedman_vaults_slice,
          hangedman_vaults_restitches, hangedman_vaults_stagger,
          hangedman_vaults_stitches, nicolae_vaults_double_plus_3,
          vaults_mumra_hex, ontoclasm_vaults_shuriken,
          nicolae_vaults_shelves_hall, layout_vaults_ring
Vaults:4: gammafunk_ghost_necromancy, nicolae_vaults_steering_wheel,
          vaults_standard_mumra_lines, v_misc_2, nicolae_vaults_tangram_1,
          emtedronai_trogs_sanctum, hangedman_vaults_capsules,
          nicolae_vaults_diagonal_hallway_7, vaults_dpeg_spiral,
          nicolae_vaults_closet_pinwheel_6, dpeg_vaults_monster_box,
          nicolae_vaults_tetromino_T_2, nicolae_vaults_house_2,
          nicolae_vaults_double_plus_2, layout_vaults_omnicross
Vaults:5: uniq_bai_suzhen, uniq_mara, uniq_margery
Depths:1: layout_gridville, ebering_ghost_inner_flame, minmay_splitting_lines,
          hell_entry, grunt_ministairs_14, nzn_wu_jian_council_hall, uniq_boris
Depths:2: minmay_guarded_unrand_majin_bo, layout_basic, rand_demon_pan_entry_8,
          serial_bayou_pond_a, hell_entry
Depths:3: minmay_ambush_box, layout_basic, enter_ziggurat_e, dk_noncrumbling_4,
          enter_trove_3, minmay_room_of_horrors, hell_entry,
          nicolae_diode_basic, minmay_staircase_statues, minmay_shoptagon,
          serial_bayou_shore_b, uniq_sojobo
Depths:4: grunt_x_marks_the_spot, layout_basic, hellmouth_1, abyss_entry,
          rand_demon_pan_entry_9, chequers_serial_rivers_micro_b
Zot:1:    layout_onion, grunt_megastairs_2, uniq_josephina, uniq_tiamat
Zot:2:    layout_gridlike, regret_index_zotdec_split_disrupt,
          regret_index_zotdec_glowing_original
Zot:3:    layout_onion_interference
Zot:4:    layout_gridlike, regret_index_zotdec_abyssal_contain_seething_sorcery,
          grunt_megastairs_1
Zot:5:    layout_misc_corridors

Notes
Turn   | Place    | Note
-------+----------+-------------------------------------------
     0 | D:1      | Drazool the Naga Ice Elementalist began the quest for the
                  | Orb.
     0 | D:1      | Reached XP level 1. HP: 15/15 MP: 3/3
   355 | D:1      | Reached XP level 2. HP: 22/22 MP: 1/5
   747 | D:1      | Found a faded altar of an unknown god.
  1304 | D:2      | Reached skill level 5 in Ice Magic
  1304 | D:2      | Reached XP level 3. HP: 25/28 MP: 1/6
  1355 | D:2      | Noticed Terence
  1361 | D:2      | Learned a level 3 spell: Frozen Ramparts
  1365 | D:2      | Killed Terence
  1408 | D:2      | Learned a level 3 spell: Ozocubu's Armour
  1552 | D:2      | Reached XP level 4. HP: 36/36 MP: 3/8
  1980 | D:3      | Reached skill level 3 in Spellcasting
  2061 | D:3      | Found Irchapto's Magic Scroll Boutique.
  2068 | D:3      | Bought a scroll of identify for 22 gold pieces
  2068 | D:3      | Bought 2 scrolls of identify for 44 gold pieces
  2068 | D:3      | Bought a scroll of identify for 22 gold pieces
  2073 | D:3      | Identified a scroll of acquirement
  2075 | D:3      | Acquired the +2 barding "Kats" {Rampage Regen+ Str+2 Int+4}
  2772 | D:4      | Noticed a bullfrog
  2783 | D:4      | Killed a bullfrog
  2784 | D:4      | Reached skill level 4 in Spellcasting
  2784 | D:4      | Reached skill level 4 in Stealth
  2784 | D:4      | Reached XP level 5. HP: 41/42 MP: 2/11
  3124 | D:4      | Found a staircase to the Ecumenical Temple.
  3135 | D:4      | Reached skill level 5 in Stealth
  3140 | Temple   | Entered the Ecumenical Temple
  3176 | Temple   | Became a worshipper of Sif Muna the Loreminder
  3402 | D:4      | Learned a level 3 spell: Summon Ice Beast
  3499 | D:4      | Identified the +11 whip of Generosity {flame, ^Drain Dex+4}
  3825 | D:5      | Entered Level 5 of the Dungeon
  3826 | D:5      | Noticed a water moccasin
  3826 | D:5      | Noticed an ogre
  3831 | D:5      | Killed a water moccasin
  3832 | D:5      | Reached skill level 2 in Fighting
  3832 | D:5      | Reached XP level 6. HP: 55/55 MP: 8/12
  3837 | D:5      | Noticed a shadow
  3881 | D:5      | Reached skill level 3 in Fighting
  3938 | D:5      | Reached skill level 1 in Summonings
  3943 | D:5      | Reached skill level 2 in Summonings
  3943 | D:5      | Reached XP level 7. HP: 13/62 MP: 6/13
  4063 | D:5      | Killed a shadow
  4064 | D:5      | Reached skill level 3 in Summonings
  4177 | D:5      | Reached skill level 6 in Ice Magic
  4177 | D:5      | Reached skill level 1 in Maces & Flails
  4223 | D:5      | Found Toel Esmot's Armour Shop.
  4266 | D:5      | Found a bloodstained altar of Trog.
  4330 | D:5      | Reached skill level 2 in Maces & Flails
  4436 | D:5      | Found a hazy altar of Hepliaklqana.
  4699 | D:6      | Reached skill level 3 in Maces & Flails
  4701 | D:6      | Reached skill level 1 in Invocations
  4701 | D:6      | Reached XP level 8. HP: 69/69 MP: 5/14
  4853 | D:6      | Reached skill level 2 in Invocations
  4884 | D:6      | Reached skill level 3 in Invocations
  4906 | D:6      | Identified the amulet of Xom's Brutal Revenge {Faith Str+2
                  | Slay+2}
  4933 | D:6      | You fall into a shaft and drop 2 floors!
  4943 | D:8      | Noticed Jeremiah
  4948 | D:8      | Noticed an orange demon
  4957 | D:8      | Killed an orange demon
  4957 | D:8      | Reached * piety under Sif Muna
  4958 | D:8      | Reached skill level 4 in Summonings
  4958 | D:8      | Reached skill level 5 in Spellcasting
  4984 | D:8      | Killed Jeremiah
  4985 | D:8      | Reached skill level 6 in Spellcasting
  5113 | D:8      | Reached XP level 9. HP: 75/75 MP: 14/18
  5116 | D:8      | Reached skill level 7 in Spellcasting
  5120 | D:8      | Noticed a two-headed ogre
  5126 | D:8      | Killed a two-headed ogre
  5127 | D:8      | Reached skill level 8 in Spellcasting
  5163 | D:8      | Reached skill level 9 in Spellcasting
  5307 | D:8      | Noticed Amaemon
  5327 | D:8      | Killed Amaemon
  5328 | D:8      | Reached skill level 10 in Spellcasting
  5328 | D:8      | Reached XP level 10. HP: 75/84 MP: 12/24
  5472 | D:8      | Found a broken altar of Ashenzari.
  5588 | D:8      | Learned a level 3 spell: Gell's Gravitas
  5627 | D:8      | Identified a +2 robe of resistance
  5627 | D:8      | Noticed Psyche
  5668 | D:8      | Killed Psyche
  5669 | D:8      | Reached skill level 4 in Invocations
  5794 | D:8      | Reached skill level 5 in Invocations
  5829 | D:8      | Found an opulent altar of Gozag.
  5838 | D:8      | Reached ** piety under Sif Muna
  5930 | D:8      | Found a basalt altar of Yredelemnul.
  6147 | D:9      | Reached skill level 6 in Invocations
  6271 | D:9      | Noticed a boulder beetle
  6294 | D:9      | Killed a boulder beetle
  6295 | D:9      | Reached skill level 7 in Invocations
  6295 | D:9      | Reached skill level 3 in Translocations
  6331 | D:9      | Got the Octavo of Plutonic Relocation
  6335 | D:9      | Learned a level 2 spell: Blink
  6369 | D:9      | Noticed a purple ugly thing
  6372 | D:9      | Reached skill level 4 in Translocations
  6378 | D:9      | Killed a purple ugly thing
  6379 | D:9      | Reached skill level 4 in Fighting
  6398 | D:9      | Identified the +6 ring mail "Reeq" {-Tele Will+ rCorr
                  | Str+2}
  6399 | D:9      | Got the Compilation of the Grisly Lithosphere
  6414 | D:9      | Noticed a brown ugly thing
  6423 | D:9      | Killed a brown ugly thing
  6424 | D:9      | Reached skill level 5 in Fighting
  6424 | D:9      | Reached skill level 2 in Evocations
  6468 | D:9      | Noticed a purple ugly thing
  6475 | D:9      | Killed a purple ugly thing
  6476 | D:9      | Reached skill level 3 in Evocations
  6476 | D:9      | Reached skill level 2 in Dodging
  6476 | D:9      | Reached XP level 11. HP: 91/94 MP: 19/25
  6524 | D:9      | Noticed a centaur warrior
  6537 | D:9      | Killed a centaur warrior
  6538 | D:9      | Reached skill level 3 in Dodging
  6574 | D:9      | Noticed a two-headed ogre
  6580 | D:9      | Killed a two-headed ogre
  6581 | D:9      | Reached skill level 7 in Ice Magic
  6605 | D:9      | Noticed Joseph
  6610 | D:9      | Learned a level 2 spell: Lesser Beckoning
  6621 | D:9      | Killed Joseph
  6662 | D:9      | Found a staircase to the Lair.
  6783 | D:9      | Reached skill level 8 in Ice Magic
  6810 | D:9      | Noticed a two-headed ogre
  6816 | D:9      | Killed a two-headed ogre
  6817 | D:9      | Reached skill level 5 in Translocations
  6874 | D:9      | Reached *** piety under Sif Muna
  7514 | D:9      | Acquired 535 gold pieces
  7535 | D:9      | Reached skill level 9 in Ice Magic
  7678 | D:10     | Entered Level 10 of the Dungeon
  8033 | D:10     | Found a white marble altar of Elyvilon.
  8426 | D:10     | Learned a level 4 spell: Olgreb's Toxic Radiance
  8437 | D:10     | Reached skill level 1 in Alchemy
  8440 | D:10     | Reached skill level 2 in Alchemy
  8727 | Lair:1   | Entered Level 1 of the Lair of Beasts
  8732 | Lair:1   | Reached skill level 3 in Alchemy
  8751 | Lair:1   | Reached skill level 4 in Alchemy
  8764 | D:9      | Reached **** piety under Sif Muna
  8765 | D:9      | Reached XP level 12. HP: 79/103 MP: 8/26
  8885 | D:9      | Reached skill level 5 in Alchemy
  8886 | D:9      | Reached skill level 6 in Alchemy
  8991 | Lair:1   | Reached skill level 7 in Alchemy
  9036 | Lair:1   | Reached skill level 8 in Alchemy
  9152 | Lair:1   | Reached skill level 9 in Alchemy
  9278 | Lair:1   | Reached skill level 10 in Alchemy
  9284 | Lair:1   | Learned a level 4 spell: Vhi's Electric Charge
  9399 | Lair:1   | Reached skill level 1 in Air Magic
  9573 | Lair:1   | Reached skill level 2 in Air Magic
  9641 | Lair:1   | Reached skill level 3 in Air Magic
  9730 | Lair:1   | Noticed a boulder beetle
  9767 | Lair:1   | Killed a boulder beetle
  9850 | Lair:1   | Learned a level 3 spell: Mephitic Cloud
  9905 | Lair:1   | Reached skill level 4 in Air Magic
 10295 | Lair:2   | Reached skill level 5 in Air Magic
 10475 | Lair:2   | Reached skill level 6 in Air Magic
 10526 | Lair:2   | Noticed Erica
 10534 | Lair:2   | Killed Erica
 10535 | Lair:2   | Gained mutation: You can use your snake-like lower body to
                  | constrict enemies. [Naga growth]
 10535 | Lair:2   | Reached XP level 13. HP: 109/109 MP: 13/27
 10540 | Lair:2   | Reached skill level 7 in Air Magic
 10760 | Lair:2   | Reached skill level 8 in Air Magic
 10786 | Lair:2   | Reached ***** piety under Sif Muna
 11654 | Lair:3   | Reached skill level 9 in Air Magic
 11991 | Lair:3   | Found a staircase to the Snake Pit.
 12840 | Lair:3   | Reached skill level 11 in Spellcasting
 12840 | Lair:3   | Reached skill level 10 in Ice Magic
 12913 | Lair:3   | Found a staircase to the Swamp.
 13057 | Lair:3   | Reached skill level 1 in Conjurations
 13182 | Lair:4   | Reached skill level 2 in Conjurations
 13182 | Lair:4   | Received a gift from Sif Muna
 13298 | Lair:4   | Found a viscous altar of Jiyva.
 13298 | Lair:4   | Found a staircase to the Slime Pits.
 13433 | Lair:4   | Reached skill level 3 in Conjurations
 13520 | Lair:4   | Reached skill level 4 in Conjurations
 13912 | Lair:4   | Reached skill level 4 in Evocations
 13926 | Lair:4   | Learned a level 5 spell: Arcjolt
 14768 | D:7      | Found a radiant altar of Vehumet.
 14778 | D:7      | Found an iron altar of Okawaru.
 14779 | D:7      | Found an ornate altar of the Wu Jian Council.
 14839 | D:7      | Reached skill level 5 in Conjurations
 15470 | D:6      | Found a blossoming altar of Fedhas.
 15535 | D:6      | Found a sacrificial altar of Ru.
 16106 | Lair:4   | Noticed Sonja
 16111 | Lair:4   | Killed Sonja
 16403 | Lair:5   | Entered Level 5 of the Lair of Beasts
 16408 | Lair:5   | Received a gift from Sif Muna
 16409 | Lair:5   | Reached skill level 6 in Conjurations
 16558 | Lair:4   | Reached skill level 6 in Fighting
 16558 | Lair:4   | Reached XP level 14. HP: 101/120 MP: 19/29
 16746 | Lair:5   | Reached skill level 7 in Fighting
 16835 | Lair:5   | Reached skill level 1 in Armour
 16843 | Lair:5   | Reached skill level 2 in Armour
 16944 | Lair:5   | Reached skill level 3 in Armour
 17181 | Lair:5   | Reached skill level 10 in Air Magic
 17396 | Lair:5   | Got Sif Muna's Compendium of the Baneful Compass {god gift}
 17506 | Lair:5   | Reached skill level 11 in Air Magic
 17599 | Lair:5   | Reached skill level 6 in Stealth
 17772 | Lair:5   | Reached skill level 7 in Stealth
 17932 | Lair:5   | Identified the amulet "Ymahiymy" {Spirit rF+ Dex+4}
 18600 | D:11     | Noticed Nergalle
 18652 | D:11     | Found Usaellou's Self-Improvement Boutique.
 18679 | D:11     | Killed Nergalle
 18680 | D:11     | Reached skill level 8 in Fighting
 19252 | D:11     | Found a staircase to the Orcish Mines.
 19265 | Orc:1    | Entered Level 1 of the Orcish Mines
 19541 | Orc:2    | Entered Level 2 of the Orcish Mines
 19541 | Orc:2    | Found a staircase to the Elven Halls.
 20134 | Orc:2    | Reached skill level 12 in Air Magic
 20506 | Orc:2    | Received a gift from Sif Muna
 20588 | Orc:2    | Reached XP level 15. HP: 125/132 MP: 22/30
 21533 | Orc:2    | Reached skill level 13 in Air Magic
 21574 | Orc:2    | Reached skill level 7 in Conjurations
 21690 | Orc:2    | Found Tutenemo's Jewellery Boutique.
 21693 | Orc:2    | Found Wieqiss's General Store.
 21694 | Orc:2    | Found Fielonk's Antique Weapon Boutique.
 21695 | Orc:2    | Found Zask's Antique Armour Boutique.
 21699 | Orc:2    | Bought a scroll of identify for 30 gold pieces
 21702 | Orc:2    | Bought the ring of the Aged Ghosts {rPois rF+ rC+ Dex+2}
                  | for 616 gold pieces
 21835 | Orc:1    | Received a gift from Sif Muna
 21848 | Orc:1    | Got Jotyjiha's Parchment of the Galvanic Volley {god gift}
 22075 | Orc:1    | Learned a level 6 spell: Plasma Beam
 22246 | D:12     | Found Taxish's Antique Armour Shop.
 22315 | D:12     | Found a frozen archway.
 22320 | D:12     | Reached skill level 1 in Fire Magic
 22349 | IceCv    | Entered an ice cave
 22433 | IceCv    | Reached skill level 2 in Fire Magic
 22452 | IceCv    | Reached skill level 3 in Fire Magic
 22858 | IceCv    | Reached skill level 4 in Fire Magic
 23033 | IceCv    | Reached skill level 5 in Fire Magic
 23165 | IceCv    | Reached ****** piety under Sif Muna
 23182 | IceCv    | Noticed a frost giant
 23194 | IceCv    | Killed a frost giant
 23195 | IceCv    | Reached skill level 6 in Fire Magic
 23290 | IceCv    | Got the Folio of Glaciation
 23930 | D:12     | Reached skill level 7 in Fire Magic
 24105 | D:12     | Received a gift from Sif Muna
 24384 | D:12     | Bought a fine orb for 266 gold pieces
 24384 | D:12     | Identified the orb of Viny Mirth {mayhem, rC+ Str+4} (You
                  | bought it in a shop on level 12 of the Dungeon)
 24539 | D:13     | Reached skill level 8 in Fire Magic
 25175 | D:13     | Reached skill level 9 in Fire Magic
 25382 | D:13     | Found a gate to the Vaults.
 25459 | D:13     | Found a transporter.
 25465 | D:13     | Found a corrupted altar of Lugonu.
 25465 | D:13     | Noticed a tentacled starspawn
 25466 | D:13     | Noticed a tentacled starspawn
 25500 | D:13     | Found a transporter.
 25538 | D:13     | Reached XP level 16. HP: 140/140 MP: 14/31
 26469 | D:14     | Reached skill level 14 in Air Magic
 26646 | D:14     | Received a gift from Sif Muna
 26674 | D:14     | Got Sif Muna's Cyclopedia of the Tundra {god gift}
 27354 | D:15     | Entered Level 15 of the Dungeon
 27377 | D:15     | Noticed Rupert
 27386 | D:15     | Killed Rupert
 27565 | D:15     | Reached skill level 12 in Spellcasting
 28023 | D:15     | Identified the +0 leather armour of Generosity {Dex+4}
 28087 | D:15     | Received a gift from Sif Muna
 28088 | D:15     | Got Sif Muna's Anthology of the Dragon {god gift}
 28730 | D:15     | Reached skill level 13 in Spellcasting
 28895 | D:15     | Found a staircase to the Depths.
 29240 | Snake:1  | Entered Level 1 of the Snake Pit
 29624 | Snake:1  | Reached skill level 9 in Fighting
 29794 | Snake:1  | Reached skill level 4 in Dodging
 30142 | Snake:1  | Learned a level 5 spell: Yara's Violent Unravelling
 30289 | Snake:1  | Reached skill level 8 in Invocations
 30313 | Snake:1  | Received a gift from Sif Muna
 30314 | Snake:1  | Got Sif Muna's Commentary on Fever {god gift}
 31136 | Snake:2  | Noticed Asterion
 31137 | Snake:2  | Reached XP level 17. HP: 142/150 MP: 1/34
 31145 | Snake:1  | Reached skill level 9 in Invocations
 31685 | Snake:2  | Noticed Vashnia
 31840 | Snake:2  | Reached skill level 10 in Invocations
 31842 | Snake:2  | Reached skill level 1 in Hexes
 32036 | Snake:2  | Killed Vashnia
 32037 | Snake:2  | Reached skill level 3 in Hexes
 32232 | Snake:2  | Identified the serpent talisman of Launid {Will- rCorr
                  | MP+9}
 32232 | Snake:2  | Noticed Aizul
 32234 | Snake:2  | Killed Asterion
 32235 | Snake:2  | Reached skill level 4 in Hexes
 32244 | Snake:2  | Killed Aizul
 32245 | Snake:2  | Reached skill level 5 in Hexes
 32412 | Snake:2  | Reached skill level 6 in Hexes
 33390 | Snake:2  | Received a gift from Sif Muna
 33391 | Snake:2  | Got Udioron's Almanac of Burning Chilblains {god gift}
 33728 | Snake:2  | Reached skill level 14 in Spellcasting
 34276 | Snake:2  | Reached skill level 4 in Armour
 35337 | Snake:3  | Reached skill level 5 in Armour
 35627 | Snake:3  | Reached skill level 5 in Evocations
 35930 | Snake:3  | Found a runed translucent gate.
 35930 | Snake:3  | Found a runed translucent gate.
 35943 | Snake:3  | Noticed Xitaol's ghost (adept SpEn)
 35944 | Snake:3  | Found a runed translucent gate.
 36358 | Snake:3  | Reached XP level 18. HP: 150/158 MP: 10/36
 37077 | Snake:3  | Reached skill level 15 in Air Magic
 37110 | Snake:3  | Identified the ring "Zolar" {rElec rF- rC- Str+6 Int+9}
 37147 | Snake:4  | Entered Level 4 of the Snake Pit
 37160 | Snake:3  | Received a gift from Sif Muna
 37172 | Snake:3  | Reached skill level 4 in Maces & Flails
 37269 | Snake:3  | Got Ipsi's Precepts of Impulse {god gift}
 37310 | Snake:3  | Killed Xitaol's ghost
 37614 | Snake:4  | Reached skill level 5 in Maces & Flails
 38084 | Snake:4  | Noticed a quicksilver dragon
 38095 | Snake:4  | Killed a quicksilver dragon
 38461 | Snake:4  | Reached skill level 15 in Spellcasting
 38706 | Snake:4  | Identified a potion of resistance
 38857 | Snake:4  | Got a serpentine rune of Zot
 39034 | Snake:4  | Reached skill level 10 in Fighting
 39842 | Snake:4  | Reached skill level 11 in Fighting
 40371 | Snake:4  | Received a gift from Sif Muna
 40977 | Swamp:1  | Entered Level 1 of the Swamp
 41933 | Swamp:1  | Reached skill level 16 in Air Magic
 42172 | Swamp:1  | Reached XP level 19. HP: 171/171 MP: 5/38
 42320 | Swamp:1  | Found a hazy altar of Hepliaklqana.
 42666 | Swamp:1  | Learned a level 8 spell: Maxwell's Capacitive Coupling
 43302 | Swamp:2  | Received a gift from Sif Muna
 44594 | Swamp:3  | Reached skill level 17 in Air Magic
 44923 | Swamp:4  | Entered Level 4 of the Swamp
 45924 | Swamp:4  | Received a gift from Sif Muna
 45925 | Swamp:4  | Got Ullagac's Teachings on Combined Ice {god gift}
 45934 | Swamp:4  | Reached skill level 18 in Air Magic
 46855 | Swamp:4  | Got a decaying rune of Zot
 47225 | Elf:1    | Entered Level 1 of the Elven Halls
 47549 | Elf:1    | Found a huge runed translucent gate.
 47551 | Elf:1    | Found a huge runed translucent gate.
 47552 | Elf:1    | Found a huge runed translucent gate.
 47552 | Elf:1    | Found a huge runed translucent gate.
 47553 | Elf:1    | Found a huge runed translucent gate.
 47554 | Elf:1    | Found a huge runed translucent gate.
 47554 | Elf:1    | Found a huge runed translucent gate.
 47554 | Elf:1    | Found a huge runed translucent gate.
 47554 | Elf:1    | Found a huge runed translucent gate.
 47555 | Elf:1    | Found a huge runed translucent gate.
 47555 | Elf:1    | Found a huge runed translucent gate.
 47555 | Elf:1    | Found a huge runed translucent gate.
 47555 | Elf:1    | Found a huge runed translucent gate.
 47555 | Elf:1    | Found a huge runed translucent gate.
 47555 | Elf:1    | Found a huge runed translucent gate.
 47555 | Elf:1    | Found a huge runed translucent gate.
 47555 | Elf:1    | Found a huge runed translucent gate.
 47556 | Elf:1    | Found a huge runed translucent gate.
 47556 | Elf:1    | Found a huge runed translucent gate.
 47556 | Elf:1    | Found a huge runed translucent gate.
 47589 | Elf:1    | Found a radiant altar of Vehumet.
 49140 | Elf:2    | Reached skill level 16 in Spellcasting
 49863 | Elf:2    | Reached XP level 20. HP: 179/182 MP: 18/40
 49994 | Elf:2    | Received a gift from Sif Muna
 50265 | Elf:2    | Reached skill level 12 in Fighting
 50356 | Elf:2    | Found a runed translucent gate.
 50356 | Elf:2    | Found a runed translucent gate.
 50356 | Elf:2    | Found a runed translucent gate.
 50471 | Elf:2    | Found Muaziban's Jewellery Shoppe.
 50471 | Elf:2    | Found Xyix's Book Shop.
 50472 | Elf:2    | Found Viluneul's Jewellery Shoppe.
 50514 | Elf:2    | Bought the ring "Joczourch" {Will+ Int+6 Dex+3 Stlth+} for
                  | 577 gold pieces
 50899 | Vaults:1 | Entered Level 1 of the Vaults
 51814 | Vaults:1 | Reached skill level 19 in Air Magic
 51817 | Vaults:1 | Received a gift from Sif Muna
 51969 | Vaults:1 | Got Yjibobull's Encyclopedia of Astrapomancy {god gift}
 52309 | Vaults:1 | Found a runed translucent gate.
 52309 | Vaults:1 | Found a runed translucent gate.
 52309 | Vaults:1 | Found an ancient bone altar of Kikubaaqudgha.
 52309 | Vaults:1 | Found a runed translucent gate.
 52309 | Vaults:1 | Noticed a dread lich
 52310 | Vaults:1 | Noticed gosagan's ghost (adept DgHu)
 52310 | Vaults:1 | Noticed a dread lich
 52333 | Vaults:1 | Reached skill level 6 in Armour
 52516 | Vaults:1 | Reached skill level 5 in Dodging
 52968 | Vaults:1 | Reached skill level 6 in Dodging
 53546 | Vaults:1 | Reached skill level 6 in Evocations
 54248 | Vaults:1 | Killed a dread lich
 54258 | Vaults:1 | Killed gosagan's ghost
 54306 | Vaults:1 | Killed a dread lich
 54388 | Vaults:1 | Got Kikubaaqudgha's Lectures on the Charnel House
 54396 | Vaults:1 | Identified the +1 pair of gloves of Baldness {rF+ Str-4
                  | SInv}
 54401 | Vaults:1 | Identified the ring of Equivalence {rPois Will+ Slay+2}
 54503 | Vaults:2 | Found a staircase to the Crypt.
 54503 | Vaults:2 | Found an ancient bone altar of Kikubaaqudgha.
 54504 | Vaults:2 | Found a basalt altar of Yredelemnul.
 54588 | Vaults:2 | Identified the +1 robe of Wulefi {+Blink Dex-5 SInv}
 54754 | Vaults:2 | Received a gift from Sif Muna
 54755 | Vaults:2 | Got Sif Muna's Volume of Fascination {god gift}
 54932 | Vaults:2 | Reached skill level 17 in Spellcasting
 55374 | Vaults:2 | Reached XP level 21. HP: 190/190 MP: 23/42
 56647 | Vaults:2 | Reached skill level 20 in Air Magic
 56762 | Vaults:2 | Received a gift from Sif Muna
 56804 | Vaults:2 | Got Sif Muna's Compendium of Distorted Momentum {god gift}
 57601 | Vaults:3 | Reached skill level 13 in Fighting
 58061 | Vaults:3 | Reached skill level 7 in Armour
 58865 | Vaults:3 | Reached skill level 8 in Armour
 59298 | Vaults:3 | Received a gift from Sif Muna
 59299 | Vaults:3 | Got Sif Muna's Folio of Congregated Hurting {god gift}
 59464 | Vaults:3 | Reached skill level 7 in Dodging
 59851 | Vaults:4 | Found a transporter.
 60323 | Vaults:4 | Reached skill level 8 in Dodging
 60728 | Vaults:4 | Reached skill level 8 in Stealth
 61582 | Vaults:4 | Reached XP level 22. HP: 201/202 MP: 23/43
 62409 | Vaults:4 | Found a runed translucent gate.
 62409 | Vaults:4 | Found a runed translucent gate.
 62409 | Vaults:4 | Found a runed translucent gate.
 62717 | Vaults:4 | Reached skill level 18 in Spellcasting
 62889 | Vaults:4 | Identified the +1 rapier of Ytacvept {vamp, Int+3}
 63230 | Vaults:4 | Noticed abarbat's ghost (adept MiBe)
 63304 | Vaults:4 | Killed abarbat's ghost
 63333 | Vaults:4 | Received a gift from Sif Muna
 63334 | Vaults:4 | Got Sif Muna's Codex of the Shivering Crucible {god gift}
 63482 | Vaults:4 | Identified the +3 ring mail of Elyvilon, Mauling {Int+4}
 63854 | Elf:3    | Entered Level 3 of the Elven Halls
 63939 | Elf:3    | Reached skill level 1 in Shields
 64488 | Elf:3    | Reached skill level 2 in Shields
 64571 | Elf:3    | Reached skill level 3 in Shields
 65104 | Elf:3    | Reached skill level 4 in Shields
 65222 | Elf:3    | Reached skill level 5 in Shields
 65461 | Elf:3    | Identified the +1 robe "Matiubai" {rN+ Regen+ Dex+5}
 65805 | Elf:3    | Reached skill level 10 in Fire Magic
 65870 | Elf:3    | Identified the ring of Recklessness {Fire +Blink rElec
                  | Int-3}
 65999 | Elf:3    | Identified the +9 falchion "Kiquog" {freeze, rElec rN++
                  | Will- Stlth+}
 66012 | Elf:3    | Identified the +2 scale mail of the Miller {rElec rC++}
 66012 | Elf:3    | Identified the ring "Xonyol" {Ice rN+}
 66577 | Depths:1 | Entered Level 1 of the Depths
 66585 | D:15     | Reached skill level 11 in Fire Magic
 67035 | Depths:1 | Noticed Boris
 67051 | Depths:1 | Killed Boris
 67307 | Depths:1 | Reached skill level 12 in Fire Magic
 67386 | Depths:1 | Received a gift from Sif Muna
 67387 | Depths:1 | Reached skill level 11 in Ice Magic
 67695 | D:15     | Reached skill level 11 in Alchemy
 68059 | Depths:1 | Reached XP level 23. HP: 179/208 MP: 22/45
 68166 | Depths:1 | Got Sif Muna's Advanced Steps in Wizarding {god gift}
 68509 | Depths:1 | Acquired a +2 cloak of preservation
 68626 | Depths:1 | Found a runed translucent door.
 68626 | Depths:1 | Noticed Swimmer's ghost (journeyman MiFi)
 68654 | Depths:1 | Found a gateway to Hell.
 68840 | Depths:1 | Found an ornate altar of the Wu Jian Council.
 69433 | Depths:2 | Reached skill level 14 in Fighting
 69830 | Depths:2 | Noticed Boris
 69848 | Depths:2 | Killed Boris
 70150 | Depths:2 | Identified the +1 scimitar "Saskuiwkoa" {antimagic, Fly
                  | Dex+4}
 70217 | Depths:2 | Acquired 813 gold pieces
 70699 | Depths:2 | Got the Parchment of Blows
 70711 | Depths:2 | Identified the +1 lajatang of Ittaegy {vamp, rElec rF-
                  | Will+}
 70773 | Depths:2 | Found a one-way gate leading to the halls of Pandemonium.
 70773 | Depths:2 | You fall into a shaft and drop 2 floors!
 70773 | Depths:4 | Entered Level 4 of the Depths
 71102 | Depths:3 | Found Haam Hyf's Antique Weapon Boutique.
 71200 | Depths:3 | Found Murph's Book Boutique.
 71200 | Depths:3 | Found Zumi's Antique Weapon Shop.
 71203 | Depths:3 | Found Caczyori's Magic Scroll Shop.
 71208 | Depths:3 | Bought a book of Annihilations for 1140 gold pieces
 71218 | Depths:3 | Learned a level 9 spell: Chain Lightning
 71240 | Depths:3 | Received a gift from Sif Muna
 71583 | Depths:3 | Reached skill level 8 in Conjurations
 71696 | Depths:3 | Got Sif Muna's Discursus on Firn and Cadavers {god gift}
 71749 | Depths:3 | Found a one-way gate to the infinite horrors of the Abyss.
 72118 | Depths:3 | Identified the +6 short sword of Indignation {antimagic,
                  | Str+3}
 72131 | Depths:3 | Reached skill level 9 in Conjurations
 72162 | Depths:3 | Identified the -2 cloak "Ydygac Pou" {rElec}
 72186 | Depths:3 | Identified the +9 plate armour "Zacwian" {Harm Int-5
                  | Slay+3}
 72714 | Depths:3 | Noticed Sojobo
 72719 | Depths:3 | Killed Sojobo
 72720 | Depths:3 | Noticed Boris
 72729 | Depths:3 | Killed Boris
 72730 | Depths:3 | Reached skill level 10 in Conjurations
 73165 | Depths:3 | Found a portal to a secret trove of treasure.
 73200 | Depths:3 | Found a one-way gateway to a ziggurat.
 73502 | Depths:3 | Found a transporter.
 73926 | Depths:4 | Reached skill level 11 in Conjurations
 74675 | Depths:4 | Found a gate to the Realm of Zot.
 74693 | Depths:4 | Reached skill level 12 in Conjurations
 74964 | Depths:4 | Received a gift from Sif Muna
 74965 | Depths:4 | Reached XP level 24. HP: 222/222 MP: 23/45
 75528 | Depths:4 | Noticed a caustic shrike
 75528 | Depths:4 | Noticed a caustic shrike
 75540 | Depths:4 | Killed a caustic shrike
 75541 | Depths:4 | Noticed a caustic shrike
 75543 | Depths:4 | Killed a caustic shrike
 75544 | Depths:4 | Killed a caustic shrike
 75545 | Depths:4 | Reached skill level 13 in Conjurations
 75545 | Depths:4 | Noticed a caustic shrike
 75550 | Depths:4 | Killed a caustic shrike
 76596 | Vaults:5 | Entered Level 5 of the Vaults
 76754 | Vaults:5 | Reached skill level 14 in Conjurations
 77064 | Vaults:5 | Received a gift from Sif Muna
 77130 | Vaults:5 | Identified the +4 plate armour of Focus {rPois Will+ Str+3}
 77276 | Vaults:5 | Identified the amulet "Ywuloj" {Regen+ Str+7}
 77293 | Vaults:5 | Identified the +1 leather armour "Suob" {Fly rF+}
 77312 | Vaults:5 | Identified the +1 ring mail "Ethrutut" {rPois}
 77320 | Vaults:5 | Identified the +1 ring mail "Nuilud" {Harm rN+}
 77407 | Vaults:5 | Reached skill level 15 in Conjurations
 77444 | Vaults:5 | Noticed a dread lich
 77449 | Vaults:5 | Killed a dread lich
 77491 | Vaults:5 | Identified the +5 whip "Killer Bee's Regret" {flame, rPois
                  | Str-4 Stlth+}
 77513 | Vaults:5 | Reached skill level 16 in Conjurations
 77558 | Vaults:5 | Noticed Bai Suzhen
 77562 | Vaults:5 | Killed Bai Suzhen
 78154 | Vaults:5 | Noticed Mara
 78157 | Vaults:5 | Killed Mara
 78176 | Vaults:5 | Reached skill level 17 in Conjurations
 78346 | Vaults:5 | Noticed Margery
 78348 | Vaults:5 | Identified the ring "Nudemp" {+Blink rCorr EV+5 Dex+3
                  | Stlth+}
 78350 | Vaults:5 | Killed Margery
 78353 | Vaults:5 | Identified the amulet "Gevaneze" {-Tele Harm rElec Regen+
                  | Dex+5}
 78377 | Vaults:5 | Received a gift from Sif Muna
 79494 | Vaults:5 | Reached XP level 25. HP: 229/229 MP: 33/45
 79642 | Vaults:5 | Got a silver rune of Zot
 79684 | Vaults:5 | Noticed a dread lich
 79693 | Vaults:5 | Killed a dread lich
 79699 | Vaults:5 | Reached skill level 18 in Conjurations
 80807 | Zot:1    | Entered Level 1 of the Realm of Zot
 80808 | Zot:1    | Noticed a curse toe
 80835 | Zot:1    | Killed a curse toe
 80844 | Zot:1    | Noticed an electric golem
 80848 | Zot:1    | Killed an electric golem
 81235 | Zot:1    | Identified the ring of Usiys {Ice Int+4}
 81235 | Zot:1    | Noticed Josephina
 81240 | Zot:1    | Killed Josephina
 81499 | Zot:1    | Reached skill level 19 in Conjurations
 81989 | Zot:1    | Found the +4 dragonskin cloak
 81989 | Zot:1    | Noticed Tiamat
 82001 | Zot:1    | Received a gift from Sif Muna
 82002 | Zot:1    | Killed Tiamat
 82141 | Zot:1    | Got Sif Muna's Quarto of the Algid Mantle {god gift}
 82324 | Zot:1    | You fall into a shaft and drop 1 floor!
 82360 | Zot:1    | Reached skill level 20 in Conjurations
 83132 | Zot:2    | Noticed an electric golem
 84699 | Zot:2    | Killed an electric golem
 84705 | Zot:2    | Reached skill level 21 in Air Magic
 85787 | Zot:2    | Reached XP level 26. HP: 196/237 MP: 25/45
 86095 | Zot:3    | Reached skill level 22 in Air Magic
 87172 | Zot:3    | Identified the +1 chain mail "Vomyntunk" {-Tele Str+3 Int+5
                  | SInv}
 87725 | Zot:4    | Reached skill level 21 in Conjurations
 89313 | Zot:4    | Noticed an electric golem
 89317 | Zot:4    | Killed an electric golem
 90975 | Zot:5    | Entered Level 5 of the Realm of Zot
 90980 | Zot:5    | Noticed a Killer Klown
 91210 | Zot:5    | Killed a Killer Klown
 91857 | Zot:5    | Reached skill level 22 in Conjurations
 92034 | Zot:5    | Noticed an ancient lich
 92035 | Zot:5    | Noticed a Killer Klown
 92038 | Zot:5    | Killed an ancient lich
 92044 | Zot:5    | Killed a Killer Klown
 92045 | Zot:5    | Reached skill level 23 in Air Magic
 92048 | Zot:5    | Noticed a dread lich
 92049 | Zot:5    | Noticed a dread lich
 92054 | Zot:5    | Killed a dread lich
 92054 | Zot:5    | Noticed a Killer Klown
 92056 | Zot:5    | Killed a dread lich
 92065 | Zot:5    | Killed a Killer Klown
 92085 | Zot:5    | Noticed an orb of fire
 92086 | Zot:5    | Gained mutation: Your magical capacity is low. (-10% MP)
                  | [an orb of fire]
 92093 | Zot:5    | Gained mutation: You are dopey. (Int -2) [an orb of fire]
 92095 | Zot:5    | Killed an orb of fire
 92096 | Zot:5    | Reached XP level 27. HP: 244/244 MP: 23/41
 92158 | Zot:5    | Lost mutation: Your magical capacity is low. (-10% MP)
                  | [potion of mutation]
 92158 | Zot:5    | Lost mutation: You are dopey. (Int -2) [potion of mutation]
 92158 | Zot:5    | Gained mutation: You are vulnerable to heat. (rF-) [potion
                  | of mutation]
 92158 | Zot:5    | Gained mutation: You are resistant to electric shocks.
                  | (rElec) [potion of mutation]
 92158 | Zot:5    | Gained mutation: You possess an exceptional clarity of
                  | mind. [potion of mutation]
 92159 | Zot:5    | Lost mutation: You are resistant to electric shocks.
                  | (rElec) [potion of mutation]
 92159 | Zot:5    | Lost mutation: You are vulnerable to heat. (rF-) [potion of
                  | mutation]
 92159 | Zot:5    | Lost mutation: You possess an exceptional clarity of mind.
                  | [potion of mutation]
 92159 | Zot:5    | Gained mutation: You have hidden genetic potential. [potion
                  | of mutation]
 92213 | Zot:5    | Noticed a dread lich
 92217 | Zot:5    | Killed a dread lich
 92338 | Zot:5    | Noticed a dread lich
 92338 | Zot:5    | Noticed an electric golem
 92343 | Zot:5    | Killed a dread lich
 92347 | Zot:5    | Killed an electric golem
 92348 | Zot:5    | Reached skill level 24 in Air Magic
 92706 | Zot:5    | Noticed an orb of fire
 92707 | Zot:5    | Gained mutation: Your magical capacity is low. (-10% MP)
                  | [an orb of fire]
 92710 | Zot:5    | Gained mutation: Your body sometimes deteriorates upon
                  | taking damage. [an orb of fire]
 92711 | Zot:5    | Killed an orb of fire
 92720 | Zot:5    | Noticed an electric golem
 92723 | Zot:5    | Killed an electric golem
 92765 | Zot:5    | Lost mutation: You have hidden genetic potential. [potion
                  | of mutation]
 92765 | Zot:5    | Lost mutation: Your magical capacity is low. (-10% MP)
                  | [potion of mutation]
 92765 | Zot:5    | Lost mutation: Your body sometimes deteriorates upon taking
                  | damage. [potion of mutation]
 92765 | Zot:5    | Gained mutation: You have an increased reservoir of magic.
                  | (+10% MP) [potion of mutation]
 92765 | Zot:5    | Gained mutation: You are covered in fur. (AC +1) [potion of
                  | mutation]
 93067 | Zot:5    | Noticed an ancient lich
 93072 | Zot:5    | Killed an ancient lich
 93433 | Zot:5    | Reached skill level 25 in Air Magic
 93463 | Zot:5    | Got the Orb of Zot
 93721 | D:15     | Noticed Yleneo the pandemonium lord
 93725 | D:15     | Killed Yleneo the pandemonium lord
 93818 | D:13     | Noticed Dazxuneuh the pandemonium lord
 93838 | D:13     | Killed Dazxuneuh the pandemonium lord
 93932 | D:8      | Noticed Machudyicw the pandemonium lord
 94078 | D:1      | Noticed an ancient lich
 94080 | D:1      | Noticed Lihapod the pandemonium lord
 94081 | D:1      | Killed an ancient lich
 94127 | D:1      | Killed Lihapod the pandemonium lord
 94185 | D:$      | Escaped with the Orb!

Vanquished Creatures
  Tiamat (Zot:1)
  8 dread liches
  3 ancient liches
  2 orbs of fire (Zot:5)
  Mara (Vaults:5)
  Sojobo (Depths:3)
  Josephina (Zot:1)
  4 Killer Klowns (Zot:5)
  Boris (thrice) (Depths:1 Depths:2 Depths:3)
  Bai Suzhen (Vaults:5)
  4 caustic shrikes (Depths:4)
  A curse toe (Zot:1)
  Margery (Vaults:5)
  Vashnia (Snake:2)
  3 pandemonium lords
  5 golden dragons
  A Tzitzimitl (D:1)
  A Brimstone Fiend (Zot:5)
  5 electric golems
  The ghost of abarbat the Executioner, an adept MiBe of Trog (Vaults:4)
  A hellephant (D:2)
  22 Orb Guardians
  Rupert (D:15)
  8 tentacled monstrosities
  A Hell Sentinel (D:14)
  A walking earthen tome (Depths:3)
  7 liches
  3 titans (Vaults:5)
  Asterion (Snake:2)
  5 deep elf blademasters (Elf:3)
  9 quicksilver dragons
  A walking divine tome (Depths:3)
  18 death cobs
  A searing wretch (Vaults:5)
  2 sphinxes
  The ghost of gosagan the Marksdemigod, an adept DgHu (Vaults:1)
  6 deep elf master archers
  A thorn hunter (Swamp:4)
  3 Executioners
  7 shadow dragons
  15 storm dragons
  Aizul (Snake:2)
  11 nagarajas
  5 protean progenitors
  9 tengu reavers
  7 draconian monks
  7 fire giants
  12 draconian knights
  12 vault wardens
  3 frost giants
  5 deep elf sorcerers
  A balrug (Depths:4)
  2 ghost moths
  12 draconian shifters
  8 draconian scorchers
  A deep elf elementalist (Elf:3)
  2 iron dragons (Depths:4)
  The ghost of Xitaol the Ninja, an adept SpEn of Wu Jian (Snake:3)
  4 draconian stormcallers
  22 ironbound preservers
  9 draconian annihilators
  A spriggan defender (Depths:3)
  2 cacodemons
  2 reapers
  13 stone giants
  6 deep elf death magi
  22 very ugly things
  4 vampire knights
  4 ironbound thunderhulks
  4 formless jellyfish
  14 green draconians
  6 deep elf demonologists
  10 black draconians
  17 white draconians
  A spectral titan (Vaults:4)
  4 war gargoyles
  5 deep elf annihilators
  12 red draconians
  8 dire elephants (Vaults:4)
  4 bunyips
  15 purple draconians
  An eleionoma (Swamp:3)
  15 yellow draconians
  9 spark wasps
  11 ettins
  2 green deaths
  3 crystal guardians
  3 fire dragons
  An entropy weaver (Vaults:4)
  A shambling mangrove (Swamp:4)
  3 deep elf high priests
  27 hydras
  4 great orbs of eyes
  13 yaktaur captains
  A rakshasa (Depths:4)
  8 ice dragons
  16 anacondas
  2 salamander tyrants (Snake:4)
  7 alligators
  3 peacekeepers
  37 vault guards
  2 ogre magi
  22 centaur warriors
  2 ghost crabs
  A spectral shadow dragon (Vaults:4)
  10 boulder beetles
  11 ironbound frosthearts
  Erica (Lair:2)
  A deep troll shaman (Depths:2)
  A spectral fire giant (Vaults:4)
  9 dancing weapons
  A torpor snail (shapeshifter) (Depths:3)
  9 naga warriors
  8 tengu warriors
  8 death yaks (IceCv)
  9 two-headed ogres
  5 orc high priests (Orc:2)
  5 deep troll earth magi
  5 vampire magi (Depths:2)
  7 shock serpents
  18 naga sharpshooters
  2 sun demons (Depths:4)
  Sonja (Lair:4)
  Nergalle (D:11)
  Amaemon (D:8)
  A soul eater (Depths:4)
  14 hell knights
  A skyshark (Lair:5)
  A skeletal warrior (D:12)
  10 deep elf knights
  2 spectral humans (Vaults:4)
  4 salamander mystics
  2 sixfirhies (Depths:1)
  3 spriggan druids
  11 goliath frogs
  An iron troll (Depths:2)
  4 large abominations (Depths:3)
  3 bog bodies
  A death drake (shapeshifter) (Elf:3)
  6 glowing orange brains
  An orange crystal statue (Zot:5)
  4 arcanists
  9 orc knights
  12 swamp dragons
  An orb spider (shapeshifter) (Vaults:5)
  17 mana vipers
  52 deep trolls
  A flayed ghost (Depths:3)
  16 naga ritualists
  11 deep elf archers
  15 lindwurms
  19 ironbound convokers
  A shadow demon (D:15)
  9 harpies
  2 phantasmal warriors (Vaults:5)
  22 deep elf zephyrmancers
  8 necromancers
  An oklob plant (Lair:3)
  2 orc sorcerers
  17 salamanders
  3 wolf spiders
  18 deep elf pyromancers
  4 will-o-the-wisps
  58 ugly things
  4 cyclopes
  2 fauns (shapeshifter) (Vaults:5)
  A shining eye (shapeshifter) (Vaults:3)
  A cyclops (shapeshifter) (Vaults:5)
  2 tengu skeletons
  A moth of wrath (shapeshifter) (Vaults:5)
  56 black mambas
  15 elephants
  A manticore (D:12)
  18 moths of wrath
  10 guardian serpents
  25 naga magi
  Joseph (D:9)
  2 orange demons (D:5)
  2 torpor snails (Zot:4)
  An ice statue (IceCv)
  A water nymph (shapeshifter) (Vaults:5)
  A frost giant skeleton (Vaults:2)
  A spectral elf (Vaults:4)
  A titan simulacrum (Vaults:4)
  18 vault sentinels
  A cane toad (shapeshifter) (D:14)
  26 cane toads
  2 smoke demons
  2 storm dragon simulacra (Zot:1)
  Jeremiah (D:8)
  5 unseen horrors
  7 rime drakes
  23 yaktaurs
  15 komodo dragons
  A hellion (D:1)
  A kobold demonologist (D:9)
  6 tengu conjurers
  Psyche (D:8)
  A ghost moth simulacrum (Zot:1)
  4 polar bears (IceCv)
  15 tyrant leeches
  A red devil (D:1)
  4 bloated husks
  11 trolls
  2 tormentors
  14 blink frogs
  7 hornets
  A blink frog (shapeshifter) (D:13)
  A snapping turtle (shapeshifter) (Depths:3)
  4 dream sheep (Lair:5)
  2 frost giant simulacra (Depths:1)
  20 slime creatures
  3 small abominations (Depths:3)
  8 spriggans
  48 yaks
  4 water elementals
  3 shadows
  2 wraiths
  5 wyverns
  5 basilisks
  3 fire bats (Orc:2)
  16 humans (D:13)
  A neqoxec (D:14)
  A fire elemental (Elf:2)
  3 redbacks (Vaults:4)
  A warg (Orc:1)
  2 steam dragons
  A black draconian simulacrum (Zot:1)
  23 vampire mosquitoes
  6 chaos spawn (Depths:3)
  14 swamp worms
  40 nagas
  16 water moccasins
  2 glowing shapeshifter skeletons
  A human skeleton (Depths:1)
  A moth of wrath simulacrum (Zot:1)
  9 swamp drakes
  33 orc warriors
  A black bear (D:8)
  2 sky beasts
  14 ogres
  A tengu (shapeshifter) (D:14)
  12 centaurs
  2 laughing skulls (D:15)
  23 wolves
  3 kobold brigands (D:9)
  A human zombie (Vaults:2)
  A wyvern zombie (D:8)
  14 bullfrogs
  2 gnoll sergeants
  3 human simulacra (Vaults:4)
  5 scorpions
  8 wights
  3 earth elementals
  16 killer bees
  4 howler monkeys
  4 electric eels
  A centaur zombie (D:8)
  3 hounds
  24 orc priests
  A gnoll bouda (D:7)
  9 iguanas
  11 orc wizards
  Terence (D:2)
  5 gnolls
  5 adders
  2 white imps
  3 dart slugs
  A ribbon worm (D:2)
  77 orcs
  3 bats
  6 endoplasms
  3 giant cockroaches
  8 hobgoblins
  2 jackals (D:3)
  3 quokkas
  3 ball pythons (D:3)
  8 frilled lizards
  6 goblins
  14 kobolds
  3 rats
  6 aspiring fleshes
2044 creatures vanquished.

Vanquished Creatures (collateral kills)
  A draconian monk (Zot:1)
  2 draconian annihilators (Zot:1)
  2 red draconians (Zot:1)
  A hydra (Lair:5)
  An anaconda (Snake:3)
  A mana viper (Snake:3)
  A deep elf zephyrmancer (Elf:2)
  2 black mambas
  An orange demon (D:8)
  2 cane toads (Lair:5)
  A shadow (D:5)
  A yak (D:10)
  A vampire mosquito (Lair:5)
  A kobold brigand (D:9)
  An orc wizard (D:10)
  2 gnolls (D:10)
  A kobold (D:9)
22 creatures vanquished.

Vanquished Creatures (others)
  A lich (Depths:4)
  A draconian stormcaller (Zot:3)
  An alligator (Swamp:4)
  A swamp worm (Swamp:4)
  8 foxfires
12 creatures vanquished.

Grand Total: 2078 creatures vanquished

Table legend: (Time is in decaauts)
 A = Elapsed time spent in this place.
 B = Non-inter-level travel time spent in this place.
 C = Inter-level travel time spent in this place.
 D = Time resting spent in this place.
 E = Time spent auto-exploring this place.
 F = Levels seen in this place.
 G = Mean time per level.
                   A        B        C        D        E       F      G
               +--------+--------+--------+--------+--------+-----+--------+
         Total | 110449 |  99578 |  10871 |  22187 |  61417 |  49 | 2254.1 |
       Dungeon |  23956 |  20707 |   3249 |   2091 |  15367 |  15 | 1597.1 |
        Temple |     98 |      1 |     97 |      0 |      0 |   1 |   98.0 |
          Lair |  10337 |   9241 |   1096 |    803 |   6916 |   5 | 2067.4 |
         Swamp |   6488 |   6065 |    423 |   2723 |   2623 |   4 | 1622.0 |
     Snake Pit |  13438 |  12853 |    585 |   3782 |   7296 |   4 | 3359.5 |
  Orcish Mines |   3744 |   3531 |    213 |    383 |   2577 |   2 | 1872.0 |
   Elven Halls |   7921 |   6686 |   1235 |    793 |   4676 |   3 | 2640.3 |
        Vaults |  19771 |  17754 |   2017 |   3501 |  11417 |   5 | 3954.2 |
        Depths |  11474 |  10316 |   1158 |   2870 |   5932 |   4 | 2868.5 |
           Zot |  12045 |  11251 |    794 |   5131 |   3840 |   5 | 2409.0 |
      Ice Cave |   1172 |   1172 |      0 |    108 |    769 |   1 | 1172.0 |
               +--------+--------+--------+--------+--------+-----+--------+

Top non-repeatable levels by time:
Vaults:1: 5352 daAuts
Vaults:4: 4287 daAuts
Vaults:5: 4121 daAuts
 Snake:2: 3932 daAuts
Depths:4: 3911 daAuts
Depths:3: 3613 daAuts
 Snake:1: 3400 daAuts
    D:15: 3380 daAuts
Vaults:3: 3170 daAuts
   Elf:3: 3156 daAuts
 Snake:4: 3127 daAuts
 Snake:3: 2978 daAuts
   Orc:2: 2939 daAuts
  Lair:3: 2869 daAuts
Vaults:2: 2839 daAuts

Table legend:
 A = Non-vault XP
 B = Vault XP
 C = Vault XP percentage of total XP
 D = Non-vault monster count
 E = Vault monster count
 F = Vault count percentage of total count
                 A         B        C        D         E       F
            +---------+---------+-------+---------+---------+-------
      Total |  744346 |  592048 |  44.3 |    1267 |     769 |  37.8
            +---------+---------+-------+---------+---------+-------
        D:1 |      12 |       0 |   0.0 |       8 |       0 |   0.0
        D:2 |      41 |      35 |  46.1 |      16 |       4 |  20.0
        D:3 |      35 |      23 |  39.7 |      13 |       8 |  38.1
        D:4 |     159 |       0 |   0.0 |      15 |       0 |   0.0
        D:5 |     822 |       0 |   0.0 |      13 |       0 |   0.0
        D:6 |     816 |       0 |   0.0 |      16 |       0 |   0.0
        D:7 |    1260 |       0 |   0.0 |      28 |       0 |   0.0
        D:8 |    2307 |    2076 |  47.4 |      26 |       6 |  18.8
        D:9 |    4843 |    7091 |  59.4 |      31 |      22 |  41.5
       D:10 |    2227 |       0 |   0.0 |      23 |       0 |   0.0
       D:11 |    2177 |     779 |  26.4 |       9 |       1 |  10.0
       D:12 |    2762 |    4978 |  64.3 |      11 |      12 |  52.2
       D:13 |    7558 |    4951 |  39.6 |      13 |      19 |  59.4
       D:14 |    8503 |       0 |   0.0 |      18 |       0 |   0.0
       D:15 |   30773 |    5752 |  15.7 |      57 |       5 |   8.1
     Lair:1 |    8498 |    1628 |  16.1 |      22 |       6 |  21.4
     Lair:2 |    6501 |    1702 |  20.7 |      28 |       3 |   9.7
     Lair:3 |    3036 |    4441 |  59.4 |       8 |      18 |  69.2
     Lair:4 |    4182 |    2914 |  41.1 |      14 |      12 |  46.2
     Lair:5 |   12875 |   12031 |  48.3 |      37 |      38 |  50.7
    Swamp:1 |   11337 |       0 |   0.0 |      28 |       0 |   0.0
    Swamp:2 |   11123 |       0 |   0.0 |      21 |       0 |   0.0
    Swamp:3 |   10950 |    2389 |  17.9 |      20 |       8 |  28.6
    Swamp:4 |    9031 |   18565 |  67.3 |      21 |      27 |  56.2
    Snake:1 |   19889 |     801 |   3.9 |      45 |       1 |   2.2
    Snake:2 |   15943 |   30910 |  66.0 |      30 |      48 |  61.5
    Snake:3 |   17666 |    9644 |  35.3 |      26 |      17 |  39.5
    Snake:4 |   30279 |   17912 |  37.2 |      51 |      26 |  33.8
      Orc:1 |    2748 |       0 |   0.0 |      24 |       0 |   0.0
      Orc:2 |    3253 |   11837 |  78.4 |      30 |      62 |  67.4
      Elf:1 |    6486 |    8334 |  56.2 |       9 |      12 |  57.1
      Elf:2 |   20190 |    1662 |   7.6 |      33 |       2 |   5.7
      Elf:3 |    9596 |   38895 |  80.2 |      17 |      34 |  66.7
   Vaults:1 |   32811 |   39872 |  54.9 |      49 |      39 |  44.3
   Vaults:2 |   22909 |   15366 |  40.1 |      33 |      18 |  35.3
   Vaults:3 |   16858 |   31737 |  65.3 |      21 |      46 |  68.7
   Vaults:4 |   42930 |   18671 |  30.3 |      58 |      29 |  33.3
   Vaults:5 |   19176 |  106193 |  84.7 |      34 |      91 |  72.8
   Depths:1 |   24405 |    3899 |  13.8 |      34 |       2 |   5.6
   Depths:2 |   17258 |    8421 |  32.8 |      16 |       8 |  33.3
   Depths:3 |   33521 |   21870 |  39.5 |      38 |      26 |  40.6
   Depths:4 |   31403 |   22760 |  42.0 |      27 |      23 |  46.0
      Zot:1 |   49002 |   26670 |  35.2 |      38 |      23 |  37.7
      Zot:2 |   54263 |       0 |   0.0 |      44 |       0 |   0.0
      Zot:3 |   46049 |       0 |   0.0 |      42 |       0 |   0.0
      Zot:4 |   41503 |    3228 |   7.2 |      35 |       2 |   5.4
      Zot:5 |   44380 |   90521 |  67.1 |      37 |      36 |  49.3
      IceCv |       0 |   13490 | 100.0 |       0 |      35 | 100.0
            +---------+---------+-------+---------+---------+-------
